 Dungeon Crawl Stone Soup version 0.30-a0-585-g93115170b9 (webtiles) character file.

Game seed: 798571887153201602

54 Newt the Cutter (level 3, 0/29 HPs)
             Began as a Demonspawn Gladiator on Jan 1, 2023.
             Was an Initiate of Wu Jian.
             Slain by Crazy Yiuf
             ... wielding a +4 quarterstaff of chaos
              (6 damage)
             ... on level 3 of the Dungeon.
             The game lasted 00:02:33 (2260 turns).

Newt the Cutter (Demonspawn Gladiator)              Turns: 2260, Time: 00:02:34

Health: 0/29       AC:  5    Str: 16    XL:     3   Next: 66%
Magic:  3/3        EV: 12    Int:  9    God:    Wu Jian [......]
Gold:   161        SH:  0    Dex: 14    Spells: 2/2 levels left

rFire   . . .      SeeInvis .    k - +1 dagger (freeze)
rCold   . . .      Faith    .    (no shield)
rNeg    . . .      Spirit   .    b - +0 leather armour
rPois   +          Reflect  .    c - +0 helmet
rElec   .          Harm     .    (no cloak)
rCorr   .          Rampage  .    (no gloves)
Will    .....                    (no boots)
Stlth   ++                       (no amulet)
HPRegen 0.24/turn                w - ring of poison resistance
MPRegen 0.08/turn                (no ring)

@: no status effects
A: rugged brown scales 1
a: Renounce Religion


You were on level 3 of the Dungeon.
You worshipped Wu Jian.
Wu Jian was noncommittal.
You visited 1 branch of the dungeon, and saw 3 of its levels.

You collected 161 gold pieces.

Inventory:

Hand Weapons
 a - a +0 rapier
 j - a +0 club
 k - a +1 dagger of freezing (weapon)
Missiles
 e - a javelin (quivered)
 s - 6 poisoned darts
Armour
 b - a +0 leather armour (worn)
 c - a +0 helmet (worn)
Jewellery
 w - a ring of poison resistance (left hand)
Scrolls
 g - a scroll of enchant armour {unknown}
 h - a scroll of amnesia {unknown}
 n - a scroll of poison {unknown}
 p - a scroll of enchant weapon
 q - a scroll of magic mapping {unknown}
 u - a scroll of acquirement {unknown}
 v - a scroll of teleportation {unknown}
 x - a scroll of fear {unknown}
Potions
 f - a potion of mutation
 i - a potion of flight
 l - a potion of heal wounds {unknown}
 m - a potion of ambrosia {unknown}
 o - a potion of curing
 r - a potion of attraction {unknown}
 t - a potion of brilliance


   Skills:
 - Level 3.0 Fighting
 + Level 3.1 Short Blades
 - Level 1.7 Throwing
 - Level 2.6 Dodging
 - Level 2.0 Stealth


You had 2 spell levels left.
You didn't know any spells.
Your spell library contained the following spells:

 Spells                   Type           Power      Damage    Failure   Level
 Ensorcelled Hibernation  Hex/Ice        0%         N/A       58%         2
 Passwall                 Tmut/Erth      0%         N/A       58%         2
 Swiftness                Air            0%         N/A       83%         3
 Alistair's Intoxication  Tmut/Pois      0%         N/A       100%        5
 Borgnjor's Vile Clutch   Necr/Erth      0%         N/A       100%        5
 Eringya's Noxious Bog    Tmut/Pois      0%         N/A       100%        6


Dungeon Overview and Level Annotations

Branches:
Dungeon (3/15)

Altars:
Uskayaw
Wu Jian

Shops:
D:3 =

Annotations:
D:3 Crazy Yiuf


Innate Abilities, Weirdness & Mutations

You are partially covered in rugged brown scales. (AC +1, +3% HP)


Message History

No target in view!
You see here a +0 ring mail.
Found a hammer.
Found a runed translucent door.
Crazy Yiuf shouts!
Could not explore, unopened runed door.
As you open the door, it creaks loudly!
Crazy Yiuf zaps a wand.
The roots erupt in riotous growth!
The grasping roots grab you! The grasping roots constrict you.
Okay, then.
Throw: 3 throwing nets
Press: ? - help, Q - select action, (/) - cycle Shift-Dir - straight line, f - Crazy Yiuf
Aim: Crazy Yiuf, wielding a +4 quarterstaff of chaos, wearing a +0 cloak and carrying a wand of roots (7) (63% to hit)
You throw a throwing net.
The throwing net closely misses Crazy Yiuf.
The grasping roots constrict you.
That's the wrong kind of item! (Use * to select it.) Fire/throw/use which item? ([*] to toss any item) (? for menu, Esc to quit)
Okay, then.
Throw: 2 throwing nets
Press: ? - help, Q - select action, (/) - cycle Shift-Dir - straight line, f/p - Crazy Yiuf
Aim: Crazy Yiuf, wielding a +4 quarterstaff of chaos, wearing a +0 cloak and carrying a wand of roots (7) (63% to hit)
You throw a throwing net.
The throwing net closely misses Crazy Yiuf.
Crazy Yiuf says, "Island hand snockshim!"
Crazy Yiuf barely misses you. The grasping roots constrict you.
Throw: throwing net
Press: ? - help, Q - select action, (/) - cycle Shift-Dir - straight line, f/p - Crazy Yiuf
Aim: Crazy Yiuf, wielding a +4 quarterstaff of chaos, wearing a +0 cloak and carrying a wand of roots (7) (63% to hit)
You throw a throwing net.
The throwing net closely misses Crazy Yiuf.
Crazy Yiuf hits you with a +4 quarterstaff of chaos!
You convulse.
* * * LOW HITPOINT WARNING * * *
The grasping roots constrict you.
* * * LOW HITPOINT WARNING * * *
The grasping roots release their grip on you.
It was a potion of curing.
You feel better.
Crazy Yiuf hits you with a +4 quarterstaff of chaos.
You die...

....##.....####....###...........
....###....# ##..## #..........(
.#### #....# ♣.♣..♣ #......##...
#######....# ♣♣...♣ #..#........
........#### ♣♣.♣♣ #..#........
#.......# ♣♣.♣ #...........
........# ♣.♣♣ #...........
........#### ♣♣.♣ #...........
...........# ♣@♣♣ #......##...
...........# #g# #......####.
...........# ... #.#..#.####.
...)##.....# #...# #.#..#.#....
....##.....# #)(.# #)#.........
....######## ##### #.#..#.....#
.........## #..........+
..#.......############....#.....#
..........'...............#......


You could see Crazy Yiuf.

Vanquished Creatures
  A worm (D:2)
  2 orcs (D:3)
  5 bats
  4 giant cockroaches
  9 goblins
  3 hobgoblins
  4 jackals (D:2)
  4 kobolds
  2 quokkas
  2 ball pythons (D:2)
  2 frilled lizards
  5 rats
43 creatures vanquished.

Notes
Turn   | Place    | Note
-------+----------+-------------------------------------------
     0 | D:1      | Newt the Demonspawn Gladiator began the quest for the Orb.
     0 | D:1      | Reached XP level 1. HP: 16/16 MP: 1/1
   217 | D:1      | Reached skill level 1 in Stealth
   285 | D:1      | Gained mutation: You are partially covered in rugged brown
                  | scales. (AC +1, +3% HP) [demonic ancestry]
   285 | D:1      | Reached XP level 2. HP: 12/22 MP: 2/2
  1168 | D:2      | Reached XP level 3. HP: 27/28 MP: 3/3
  1634 | D:3      | Found Hiroir's One-of-a-Kind Rings.
  1900 | D:3      | Found an ornate altar of the Wu Jian Council.
  1908 | D:3      | Became a worshipper of the Wu Jian Council
  1975 | D:3      | Found a hide-covered altar of Uskayaw.
  2252 | D:3      | Found a runed translucent door.
  2253 | D:3      | Noticed Crazy Yiuf
  2259 | D:3      | HP: 1/29 [constriction (5)]
  2260 | D:3      | Slain by Crazy Yiuf

Illustrated notes

Levels and vault maps discovered:
D:1:      amcnicky_arrival_abandoned_market, layout_loops_ring,
          amcnicky_mini_pool_small, st_stairs_14
D:2:      layout_basic, serial_bayou_pond_e
D:3:      layout_basic, nzn_wu_jian_contemplation, amcnicky_altar_gilded,
          st_stairs_6, nicolae_shop_unique_rings, uniq_crazy_yiuf_cottage

Skill      XL: |  1  2  3 |
---------------+----------+-----
Stealth        | 1 2 |  2.0
Fighting       | 3 |  3.0
Short Blades   | 3 |  3.1
Throwing       | |  1.7
Dodging        | |  2.6

Action                   || total
-------------------------++-------
Melee: Rapier            ||    13
       Dagger            ||   132
       Punch             ||     2
Throw: Throwing net      ||     4
  Use: Scroll            ||     4
       Potion            ||     2
 Stab: Sleeping          ||     4
Armor: Leather armour    ||    39
Dodge: Dodged            ||    94

Table legend: (Time is in decaauts)
 A = Elapsed time spent in this place.
 B = Non-inter-level travel time spent in this place.
 C = Inter-level travel time spent in this place.
 D = Time resting spent in this place.
 E = Time spent auto-exploring this place.
 F = Levels seen in this place.
 G = Mean time per level.
                   A        B        C        D        E       F      G
               +--------+--------+--------+--------+--------+-----+--------+
         Total |   2242 |   2213 |     29 |    153 |   1707 |   3 |  747.3 |
       Dungeon |   2242 |   2213 |     29 |    153 |   1707 |   3 |  747.3 |
               +--------+--------+--------+--------+--------+-----+--------+

Top non-repeatable levels by time:
     D:3: 812 daAuts
     D:2: 729 daAuts
     D:1: 701 daAuts
